 Dungeon Crawl Stone Soup version 0.29.1 (webtiles) character file.

Game seed: 607479939026079658

1295 qw the Cleaver (level 8, -6/51 HPs)
             Began as a Gargoyle Fighter on Sept 13, 2022.
             Was an Initiate of Okawaru.
             Mangled by Duvessa
             ... wielding a +0 rapier
              (11 damage)
             ... on level 5 of the Dungeon.
             The game lasted 00:01:50 (5289 turns).

qw the Cleaver (Gargoyle Fighter)                   Turns: 5289, Time: 00:01:50

Health: -6/51      AC: 17    Str: 23    XL:     8   Next: 56%
Magic:  8/8        EV:  6    Int:  8    God:    Okawaru [......]
Gold:   41         SH:  4    Dex:  9    Spells: 7/7 levels left

rFire   + . .      SeeInvis .   Y - +1 war axe
rCold   . . .      Faith    .   c - +0 buckler
rNeg    + . .      Spirit   .   h - +0 plate armour
rPois   inf        Reflect  .   (no helmet)
rElec   +          Harm     .   (no cloak)
rCorr   +          Rampage  .   (no gloves)
Will    .....                   (no boots)
Stlth   ..........              m - amulet of the acrobat
HPRegen 0.17/turn               l - ring of resist corrosion
MPRegen 0.11/turn               p - ring of protection from fire

@: lit by a corona, about to teleport, glowing
A: sickness immunity, AC +5, negative energy resistance 1, electricity
resistance, torment resistance 1, petrification resistance
a: Renounce Religion


You were on level 5 of the Dungeon.
You worshipped Okawaru.
Okawaru was noncommittal.
You visited 2 branches of the dungeon, and saw 6 of its levels.

You collected 143 gold pieces.
You spent 102 gold pieces at shops.


Innate Abilities, Weirdness & Mutations

You are immune to sickness and miasma.
Your stone body is resilient. (AC +5)
You are immune to poison.
You resist negative energy. (rN+)
You are resistant to electric shocks. (rElec)
You are resistant to unholy torment.
You are immune to petrification.


   Skills:
 + Level 5.7 Fighting
 - Level 8.0 Axes
 - Level 1.0 Throwing
 - Level 4.2 Armour
 - Level 1.0 Dodging
 - Level 3.2 Shields


You had 7 spell levels left.
You didn't know any spells.
Your spell library was empty.

Inventory:

Hand Weapons
 e - a +2 vorpal flail
 Y - a +1 war axe (weapon)
Missiles
 g - a boomerang (quivered)
Armour
 c - a +0 buckler (worn)
 h - a +0 plate armour (worn)
Jewellery
 l - a ring of resist corrosion (left hand)
 m - an amulet of the acrobat (around neck)
 o - a ring of fire
 p - a ring of protection from fire (right hand)
Scrolls
 i - 2 scrolls of identify
 n - 2 scrolls of blinking
Potions
 b - a potion of lignification
 d - a potion of might
 f - a potion of haste
 j - a potion of curing
 k - a potion of mutation

Dungeon Overview and Level Annotations

Branches:
Dungeon (5/15)             Temple (1/1) D:5

Altars:
Ashenzari
Cheibriados
Dithmenos
Elyvilon
Fedhas
Hepliaklqana
Okawaru
Qazlal
Sif Muna
Trog
Uskayaw
Vehumet
Wu Jian
Yredelemnul
Zin

Shops:
D:1 !   D:2 (   D:3 ?   D:4 =!*

Annotations:
D:5 3 runed translucent doors, Duvessa; qw's ghost, amateur GrFi


Message History

You slash Dowan!
Dowan is severely wounded.
Dowan casts a spell at you.
You are outlined in light.
You slash Dowan!
You kill Dowan!
Okawaru accepts your kill.
Duvessa screams, "No!
How DARE you!"
Duvessa goes berserk!
Duvessa hits you with a +0 rapier!
You closely miss Duvessa. Duvessa hits you with a +0 rapier!
You hit Duvessa.
Duvessa is lightly wounded.
Duvessa hits you with a +0 rapier! Duvessa barely misses you.
You hit Duvessa.
Duvessa is lightly wounded.
Duvessa hits you but does no damage. Duvessa barely misses you.
You slash Duvessa!
Duvessa is moderately wounded.
Duvessa hits you with a +0 rapier. You block Duvessa's attack.
You slash Duvessa!
Duvessa is heavily wounded.
You block Duvessa's attack.
You hit Duvessa.
Duvessa is heavily wounded.
Duvessa hits you but does no damage.
Qw's ghost shrieks, "Death is your only future!"
Duvessa completely misses you.
You slash Duvessa!
Duvessa is almost dead.
Duvessa hits you with a +0 rapier.
5288 ||| READING scroll of teleportation.
As you read the scroll of teleportation, it crumbles to dust.
You feel strangely unstable. Duvessa hits you but does no damage.
Duvessa hits you with a +0 rapier.
You closely miss Duvessa.
Duvessa is severely wounded.
Duvessa hits you with a +0 rapier!
You die...

#. #. #.. 8 ## #... #
####.#### #....
........#...... #
........#...... #
.......('...... ####
#...e##+# ####...
####..?@##.# #....##
#..........# #....#
#.##+++##..# #....#
###KKKWK##.# #....#
#.#KKK#K#.# #..).#
#}.#K#KK#.# #....#
#.#...#.#.#######....##
##.....##..............
##.! #################


You could see Duvessa (berserk), a kobold brigand, qw's ghost and 9 kobolds.

Vanquished Creatures
  Grinder (D:3)
  Sigmund (D:4)
  Pargi (D:4)
  2 ogres (D:5)
  A kobold brigand (D:5)
  A bullfrog (D:4)
  Blork the orc (D:4)
  A scorpion (D:4)
  Dowan (D:5)
  A howler monkey (D:5)
  A hound (D:3)
  An orc priest (D:3)
  Ijyb (D:3)
  2 iguanas
  3 orc wizards (D:5)
  5 adders
  An ufetubus (D:5)
  3 worms
  3 dart slugs
  7 orcs
  7 ball pythons
  6 endoplasms
  4 goblins (D:1)
  10 hobgoblins
  4 jackals (D:2)
  3 quokkas
  2 bats
  2 frilled lizards
  7 kobolds
  7 rats
  A spectral kobold (D:1)
91 creatures vanquished.

Vanquished Creatures (others)
  24 plants (D:3)
24 creatures vanquished.

Grand Total: 115 creatures vanquished

Notes
Turn   | Place    | Note
-------+----------+-------------------------------------------
     0 | D:1      | qw the Gargoyle Fighter began the quest for the Orb.
     0 | D:1      | Reached XP level 1. HP: 14/14 MP: 1/1
     0 | D:1      | 0 ||| qw: Version: 0.1-a-119-g272c26d
     0 | D:1      | 0 ||| qw: Game counter: 11098
     0 | D:1      | 0 ||| qw: Always use a shield: true
     0 | D:1      | 0 ||| qw: God list: Okawaru
     0 | D:1      | 0 ||| qw: Allow faded altars: false
     0 | D:1      | 0 ||| qw: Do Orc after D:15 true
     0 | D:1      | 0 ||| qw: Do second Lair branch before Depths: true
     0 | D:1      | 0 ||| qw: Lair rune preference: random
     0 | D:1      | 0 ||| qw: Plans: Normal, Zot, God:TSO, Crypt, Tomb, Pan,
                  | Slime, Hells, Zig, Abyss, Orb
     0 | D:1      | 0 ||| PLANNING D:1-11
    28 | D:1      | Found a faded altar of an unknown god.
    31 | D:1      | 31 ||| Stepping ~*~*~tactically~*~*~ (water).
    44 | D:1      | Reached skill level 2 in Axes
   155 | D:1      | 155 ||| Stepping ~*~*~tactically~*~*~ (stealth).
   163 | D:1      | Reached XP level 2. HP: 19/19 MP: 2/2
   229 | D:1      | 229 ||| Stepping ~*~*~tactically~*~*~ (hiding).
   339 | D:1      | 339 ||| Stepping ~*~*~tactically~*~*~ (stealth).
   359 | D:1      | Found Iqax's Distillery.
   370 | D:1      | 370 ||| SHOPLISTING potion of attraction (30 gold, have 8).
   370 | D:1      | 370 ||| SHOPLISTING potion of curing (30 gold, have 8).
   370 | D:1      | 370 ||| SHOPLISTING potion of haste (100 gold, have 8).
   370 | D:1      | 370 ||| SHOPLISTING potion of might (40 gold, have 8).
   433 | D:1      | Reached skill level 3 in Axes
   546 | D:1      | Reached XP level 3. HP: 20/23 MP: 3/3
   810 | D:1      | 810 ||| Stepping ~*~*~tactically~*~*~ (stealth).
   914 | D:1      | 914 ||| UPGRADING to +0 plate armour.
   924 | D:1      | 924 ||| DROPPING +0 scale mail.
   925 | D:1      | 925 ||| UPGRADING to amulet of the acrobat.
   930 | D:1      | 930 ||| UPGRADING to ring of resist corrosion.
   931 | D:1      | 931 ||| READING 2 scrolls labelled HOISMOY IPLOHE.
   936 | D:1      | 936 ||| READING scroll labelled FYSMUW JOFAUH.
   937 | D:1      | 937 ||| READING 2 scrolls labelled MAWIPN NUAXU.
   938 | D:1      | 938 ||| READING scroll labelled EDYEW QUN ROMN.
   939 | D:1      | 939 ||| READING scroll labelled KEDUON FEFRAHU.
   994 | D:1      | 994 ||| Stepping ~*~*~tactically~*~*~ (hiding).
  1164 | D:2      | Found Teolofaq's Antique Weapon Shoppe.
  1198 | D:2      | 1198 ||| SHOPLISTING runed flail (162 gold, have 18).
  1713 | D:2      | Reached XP level 4. HP: 28/28 MP: 4/4
  1844 | D:2      | 1844 ||| Stepping ~*~*~tactically~*~*~ (hiding).
  1930 | D:2      | 1930 ||| READING scroll labelled VIOCUJ VOER.
  1931 | D:2      | 1931 ||| READING scroll labelled QEAHIMOKYS.
  1932 | D:2      | 1932 ||| READING 2 scrolls of identify.
  1932 | D:2      | 1932 ||| IDENTIFYING brown potion
  2000 | D:3      | Found Nucluyph's Magic Scroll Shoppe.
  2013 | D:3      | Reached skill level 4 in Axes
  2021 | D:3      | 2021 ||| SHOPLISTING 3 scrolls of blinking (270 gold, have
                  | 38).
  2021 | D:3      | 2021 ||| SHOPLISTING scroll of blinking (90 gold, have 38).
  2021 | D:3      | 2021 ||| SHOPLISTING scroll of brand weapon (114 gold, have
                  | 38).
  2021 | D:3      | 2021 ||| BUYING scroll of identify (24 gold).
  2021 | D:3      | Bought a scroll of identify for 24 gold pieces
  2021 | D:3      | 2021 ||| SHOPLISTING scroll of identify (24 gold, have 14).
  2059 | D:3      | Noticed Grinder
  2060 | D:3      | 2060 ||| Stepping ~*~*~tactically~*~*~ (hiding).
  2062 | D:3      | 2062 ||| Stepping ~*~*~tactically~*~*~ (hiding).
  2063 | D:3      | Paralysed by Grinder for 4 turns
  2073 | D:3      | 2073 ||| FLEEEEING.
  2075 | D:3      | 2075 ||| FLEEEEING.
  2076 | D:3      | 2076 ||| FLEEEEING.
  2077 | D:3      | 2077 ||| FLEEEEING.
  2077 | D:3      | Paralysed by Grinder for 4 turns
  2084 | D:3      | Killed Grinder
  2085 | D:3      | Reached skill level 5 in Axes
  2085 | D:3      | Reached XP level 5. HP: 17/32 MP: 5/5
  2085 | D:3      | Reached XP level 6. HP: 20/37 MP: 6/6
  2269 | D:3      | 2269 ||| Stepping ~*~*~tactically~*~*~ (hiding).
  2273 | D:3      | 2273 ||| Stepping ~*~*~tactically~*~*~ (hiding).
  2297 | D:3      | 2297 ||| FLEEEEING.
  2310 | D:3      | HP: 8/38 [orc/+0 trident (2)]
  2311 | D:3      | 2311 ||| READING 3 scrolls of teleportation.
  2312 | D:3      | 2312 ||| DRINKING potion of heal wounds.
  2523 | D:3      | 2523 ||| Stepping ~*~*~tactically~*~*~ (stealth).
  2526 | D:3      | 2526 ||| Stepping ~*~*~tactically~*~*~ (hiding).
  2527 | D:3      | 2527 ||| Stepping ~*~*~tactically~*~*~ (hiding).
  2710 | D:3      | Found a glowing silver altar of Zin.
  2821 | D:3      | Noticed Ijyb
  2830 | D:3      | HP: 7/38 [Ijyb/bolt of dispelling energy (14)]
  2831 | D:3      | 2831 ||| READING 4 scrolls of teleportation.
  2832 | D:3      | 2832 ||| DRINKING potion of heal wounds.
  2833 | D:3      | Killed Ijyb
  2834 | D:3      | Reached skill level 6 in Axes
  3077 | D:3      | 3077 ||| Stepping ~*~*~tactically~*~*~ (water).
  3143 | D:3      | 3143 ||| DROPPING ring of flight.
  3144 | D:3      | 3144 ||| READING scroll labelled MEGHUH LEINNO.
  3145 | D:3      | 3145 ||| READING scroll labelled OZY ZYUMUFU.
  3146 | D:3      | 3146 ||| DRINKING 2 smoky emerald potions.
  3147 | D:3      | 3147 ||| READING 2 scrolls of identify.
  3147 | D:3      | 3147 ||| IDENTIFYING pink potion
  3148 | D:3      | 3148 ||| DROPPING potion of magic.
  3248 | D:4      | Noticed Pargi
  3250 | D:4      | 3250 ||| Stepping ~*~*~tactically~*~*~ (stealth).
  3262 | D:4      | Killed Pargi
  3263 | D:4      | Reached XP level 7. HP: 34/43 MP: 7/7
  3392 | D:4      | 3392 ||| Stepping ~*~*~tactically~*~*~ (stealth).
  3394 | D:4      | 3394 ||| Stepping ~*~*~tactically~*~*~ (stealth).
  3492 | D:4      | Noticed Sigmund
  3493 | D:4      | 3493 ||| Stepping ~*~*~tactically~*~*~ (hiding).
  3494 | D:4      | 3494 ||| Stepping ~*~*~tactically~*~*~ (hiding).
  3506 | D:4      | Killed Sigmund
  3507 | D:4      | Reached skill level 7 in Axes
  3565 | D:4      | Noticed Blork the orc
  3566 | D:4      | 3566 ||| Stepping ~*~*~tactically~*~*~ (stealth).
  3572 | D:4      | Killed Blork the orc
  3669 | D:4      | Reached XP level 8. HP: 49/49 MP: 8/8
  3835 | D:4      | Found Itadwui Laij's Distillery.
  3837 | D:4      | Found Yvenlar's Jewellery Boutique.
  3839 | D:4      | Found Ofrag's Assorted Antiques.
  3845 | D:4      | 3845 ||| SHOPLISTING +4 ring of protection (468 gold, have
                  | 70).
  3845 | D:4      | 3845 ||| SHOPLISTING amulet of guardian spirit (390 gold,
                  | have 70).
  3845 | D:4      | 3845 ||| SHOPLISTING amulet of regeneration (390 gold, have
                  | 70).
  3845 | D:4      | 3845 ||| SHOPLISTING ring of resist corrosion (260 gold,
                  | have 70).
  3895 | D:4      | 3895 ||| BUYING scroll labelled BIGEMI XALLU (26 gold).
  3895 | D:4      | Bought a scroll labelled BIGEMI XALLU for 26 gold pieces
  3895 | D:4      | 3895 ||| BUYING scroll of identify (52 gold).
  3895 | D:4      | Bought a scroll of identify for 52 gold pieces
  3899 | D:4      | 3899 ||| SHOPLISTING potion of curing (36 gold, have 4).
  3899 | D:4      | 3899 ||| SHOPLISTING potion of haste (120 gold, have 4).
  3899 | D:4      | 3899 ||| SHOPLISTING potion of heal wounds (60 gold, have
                  | 4).
  3972 | D:4      | 3972 ||| DROPPING amulet of faith.
  3973 | D:4      | 3973 ||| UPGRADING to ring of protection from fire.
  3974 | D:4      | 3974 ||| READING 2 scrolls labelled SUURUU NACRU.
  3975 | D:4      | 3975 ||| READING scroll labelled BIGEMI XALLU.
  3976 | D:4      | 3976 ||| READING 3 scrolls of identify.
  3976 | D:4      | 3976 ||| IDENTIFYING smoky silvery potion
  3977 | D:4      | 3977 ||| READING 2 scrolls of identify.
  3977 | D:4      | 3977 ||| IDENTIFYING amethyst potion
  3978 | D:4      | 3978 ||| DROPPING scroll of fear.
  3981 | D:5      | Entered Level 5 of the Dungeon
  3985 | D:5      | 3985 ||| Stepping ~*~*~tactically~*~*~ (hiding).
  4135 | D:5      | Reached skill level 1 in Dodging
  4144 | D:5      | 4144 ||| FLEEEEING.
  4145 | D:5      | 4145 ||| FLEEEEING.
  4146 | D:5      | 4146 ||| FLEEEEING.
  4147 | D:5      | 4147 ||| FLEEEEING.
  4194 | D:5      | 4194 ||| Stepping ~*~*~tactically~*~*~ (stealth).
  4195 | D:5      | Found a staircase to the Ecumenical Temple.
  4196 | D:5      | 4196 ||| PLANNING TEMPLE
  4196 | D:5      | 4196 ||| FLEEEEING.
  4197 | D:5      | 4197 ||| FLEEEEING.
  4198 | D:5      | 4198 ||| FLEEEEING.
  4199 | D:5      | 4199 ||| FLEEEEING.
  4200 | D:5      | 4200 ||| FLEEEEING.
  4201 | D:5      | 4201 ||| FLEEEEING.
  4202 | D:5      | 4202 ||| FLEEEEING.
  4203 | D:5      | 4203 ||| FLEEEEING.
  4204 | D:5      | 4204 ||| FLEEEEING.
  4205 | D:5      | 4205 ||| FLEEEEING.
  4206 | D:5      | 4206 ||| FLEEEEING.
  4207 | D:5      | 4207 ||| FLEEEEING.
  4208 | D:5      | 4208 ||| FLEEEEING.
  4209 | D:5      | 4209 ||| FLEEEEING.
  4210 | D:5      | 4210 ||| FLEEEEING.
  4211 | D:5      | 4211 ||| FLEEEEING.
  4212 | D:5      | 4212 ||| FLEEEEING.
  4213 | D:5      | 4213 ||| FLEEEEING.
  4214 | D:5      | 4214 ||| FLEEEEING.
  4215 | D:5      | 4215 ||| FLEEEEING.
  4216 | D:5      | 4216 ||| FLEEEEING.
  4217 | D:5      | 4217 ||| FLEEEEING.
  4218 | D:5      | 4218 ||| FLEEEEING.
  4219 | D:5      | 4219 ||| STAIRDANCE
  4227 | D:5      | HP: 5/49 [ogre/+0 giant club (26)]
  4228 | D:5      | 4228 ||| READING 3 scrolls of teleportation.
  4231 | D:5      | 4231 ||| READING 2 scrolls of teleportation.
  4505 | D:5      | 4505 ||| DROPPING +0 mace.
  4533 | D:5      | Reached skill level 8 in Axes
  4671 | D:5      | Reached skill level 1 in Throwing
  4789 | D:5      | 4789 ||| READING 2 scrolls of identify.
  4789 | D:5      | 4789 ||| IDENTIFYING smoky white potion
  4845 | Temple   | Entered the Ecumenical Temple
  5016 | Temple   | 5016 ||| PLANNING D:1-11
  5023 | Temple   | Became a worshipper of Warmaster Okawaru
  5263 | D:5      | Found a runed translucent gate.
  5263 | D:5      | Found a runed translucent gate.
  5263 | D:5      | Found a runed translucent gate.
  5264 | D:5      | Noticed qw's ghost (amateur GrFi)
  5270 | D:5      | Noticed Dowan
  5271 | D:5      | 5271 ||| Stepping ~*~*~tactically~*~*~ (hiding).
  5272 | D:5      | 5272 ||| Stepping ~*~*~tactically~*~*~ (hiding).
  5278 | D:5      | Noticed Duvessa
  5280 | D:5      | Killed Dowan
  5287 | D:5      | HP: 11/51 [Duvessa/+0 rapier (3)]
  5288 | D:5      | 5288 ||| READING scroll of teleportation.
  5288 | D:5      | HP: 5/51 [Duvessa/+0 rapier (6)]
  5289 | D:5      | Mangled by Duvessa

Levels and vault maps discovered:
D:1:      saegor_arrival_simple_b, layout_loops_ring,
          dreamdust_ecumenical_altar_drowned_temple, serial_shops,
          nicolae_square_shop, minmay_misc_feat_chi
D:2:      layout_loops_ring, serial_shops, shop, dk_noncrumbling_2,
          minmay_misc_feat_rows
D:3:      layout_rooms, zin_statuary, serial_bayou, serial_bayou_lagoon_b,
          serial_bayou_pond_e, serial_bayou_lake_a, serial_bayou_pond_b,
          serial_bayou_pond_d, serial_shops, nicolae_shop_window_shopping,
          st_stairs_12, kennysheep_cluttered_room, minmay_misc_feat_room,
          uniq_grinder, uniq_ijyb
D:4:      layout_gridville, grunt_ministairs_7, hangedman_decor_clover_reticule,
          nicolae_wooded_promenade, uniq_blork_the_orc, uniq_sigmund, uniq_pargi
D:5:      layout_basic, nicolae_overflow_hidden_temple, tgw_xom,
          minmay_temple_entry_junction_2, gammafunk_ghost_nasty_kobolds,
          uniq_duvessa
Temple:   nicolae_temple_bog_church

Skill      XL: |  1  2  3  4  5  6  7  8 |
---------------+-------------------------+-----
Axes           | 2 3 5 6 7 8 |  8.0
Fighting       | 4 5 |  5.7
Dodging        | 1 |  1.0
Armour         | 4 |  4.2
Throwing       | 1 |  1.0
Shields        | |  3.2

Action                   |  1- 3 |  4- 6 |  7- 9 || total
-------------------------+-------+-------+-------++-------
Melee: War axe           |    92 |   107 |   122 ||   321
Throw: Boomerang         |       |       |     7 ||     7
  Use: Scroll            |     5 |     8 |     8 ||    21
       Potion            |       |     3 |       ||     3
Armor: Scale mail        |    23 |       |       ||    23
       Plate armour      |    13 |    83 |    67 ||   163
Dodge: Dodged            |    28 |    35 |    45 ||   108
Block: Buckler           |     8 |    26 |    18 ||    52

Table legend:
 A = Non-vault XP
 B = Vault XP
 C = Vault XP percentage of total XP
 D = Non-vault monster count
 E = Vault monster count
 F = Vault count percentage of total count
                 A         B        C        D         E       F
            +---------+---------+-------+---------+---------+-------
      Total |     853 |     997 |  53.9 |      78 |      13 |  14.3
            +---------+---------+-------+---------+---------+-------
        D:1 |      43 |       1 |   2.3 |      24 |       1 |   4.0
        D:2 |      42 |       0 |   0.0 |      14 |       0 |   0.0
        D:3 |      88 |     366 |  80.6 |      15 |       6 |  28.6
        D:4 |     136 |     561 |  80.5 |       6 |       5 |  45.5
        D:5 |     544 |      69 |  11.3 |      19 |       1 |   5.0
            +---------+---------+-------+---------+---------+-------
